Map: Catalyst LE

Players

GoodiGoodi - Winner!

  • Race: Zerg Zerg
  • League: Gold
  • Spawn Location: 5:00

VOD

Have the link to the VOD?

Description

Time

  • Played on: Jan. 6, 2018, 5:18 a.m.
  • Length: 17:03
Show
View Real Time Build Order
Export as new Build Order

GoodiGoodi Zerg - Winner!

Build Orders: Hatch First 

Get SALT Encoding   

    0:04  Drone  
    0:10  Drone  
    0:13  Drone  
    0:17  Drone  
    0:25  Drone  
    0:36  Drone  
    0:47  Drone  
    0:59  Hatchery  
    1:27  Hatchery  
    1:34  Drone x2  
    1:52  Hatchery  
    2:01  Drone  
    2:17  Hatchery  
    2:27  Hatchery  
    2:46  Hatchery  
    3:00  Spawning Pool  
    3:20  Drone x3  
    4:20  Drone x3  
    4:35  Extractor  
    4:37  Extractor  
    4:42  Extractor  
    4:44  Extractor  
    4:57  Extractor  
    4:59  Extractor  
    5:08  Extractor x2  
    5:15  Extractor x2  
    5:31  Queen x3  
    5:32  Queen x3  
    5:33  Queen  
    5:56  Extractor  
    5:59  Extractor  
    6:36  Drone x3  
    6:37  Drone x2  
    6:38  Drone  
    6:45  Drone x8  
    7:07  Drone  
    7:08  Drone x3  
    7:20  Drone  
    7:21  Drone  
    7:23  Drone  
    7:37  Drone x2  
    7:38  Drone  
    7:48  Drone x3  
    7:51  Drone  
    7:57  Drone x2  
    8:00  Drone  
    8:12  Drone x3  
    8:13  Drone  
    8:37  Drone x8  
    8:51  Drone x2  
    8:52  Drone x3  
    9:07  Drone x4  
    9:08  Drone  
    9:15  Drone  
    9:16  Drone  
    9:25  Drone x3  
    10:04  Drone x2  
    10:05  Drone x7  
    10:06  Drone x2  
    10:21  Drone x3  
    10:33  Drone x2  
    10:34  Drone  
    12:52  Drone x2  
    12:53  Drone x3  
    13:03  Drone x3  
    13:16  Drone  
    13:17  Drone x11  
    13:18  Drone x4  
    13:22  Drone  
    13:23  Drone x3  
    13:24  Drone  
    13:28  Drone  
    14:12  Drone x2  
    14:13  Drone  
    14:36  Drone x3  
    14:37  Drone  
    15:19  Drone x3  
    15:20  Drone  
    15:31  Drone  
    15:32  Drone x3  
    15:46  Drone  
    15:52  Drone  
    15:55  Drone  
    16:14  Drone  
    16:15  Drone x2  
    16:44  Drone x2  
Tags
 
League
Gold
Race
Zerg
Add a new tag
Caveats
  • Supply blocks, unpowered buildings, or Contaminate may cause inaccurate times.
  • Supply counts are checked every 10 seconds.